Map: Rhoskallian LE

Players

Massa - Winner!

  • Race: Terran Terran
  • Spawn Location: 5:00

qqq - Winner!

  • Race: Zerg Zerg
  • Spawn Location: 6:00

Human

  • Race: Terran Terran
  • Spawn Location: 12:00

GregorSamsa

  • Race: Terran Terran
  • League: Diamond
  • Spawn Location: 11:00

VOD

Have the link to the VOD?

Description

Time

  • Played on: Jan. 26, 2021, 2:38 p.m.
  • Length: 14:48
Show
View Real Time Build Order
Export as new Build Order

Massa Terran - Winner!

Build Orders:  

Get SALT Encoding   

  12  0:00  SCV  
  13  0:12  SCV  
  14  0:18  Supply Depot  
  14  0:26  SCV  
  15  0:40  SCV  
  15  0:41  Barracks  
  16  0:50  Refinery  
  16  0:52  SCV  
  17  1:02  Barracks  
  17  1:06  SCV  
  18  1:18  Refinery, SCV  
  19  1:30  SCV  
  20  1:33  Reaper  
  20  1:36  Supply Depot  
  21  1:42  SCV  
  22  1:49  Reaper  
  23  1:56  Orbital Command  
  23  2:05  Reaper  
  24  2:21  Reaper  
  24  2:22  SCV  
  26  2:36  SCV  
  27  2:38  Reaper  
  27  2:40  Supply Depot  
  28  2:53  Reaper  
  29  3:06  SCV  
  29  3:10  Reaper  
  31  3:17  Command Center  
  31  3:18  SCV  
  27  3:44  SCV  
  26  3:56  SCV  
  27  4:07  Supply Depot  
  27  4:08  Reaper x2, Barracks, SCV  
  30  4:10  Factory  
  30  4:27  Command Center  
  30  4:31  SCV  
  31  4:40  Reaper x2  
  31  4:43  SCV  
  34  4:47  Engineering Bay  
  34  4:49  Engineering Bay  
  33  4:59  Barracks Tech Lab  
  33  5:01  Starport  
  33  5:02  Starport, Factory Tech Lab  
  33  5:24  Orbital Command  
  33  5:25  SCV  
  33  5:27  Barracks Tech Lab  
  34  5:37  SCV  
  34  5:42  Refinery  
  35  5:43  SCV, Factory Tech Lab  
  35  5:44  Banshee  
  35  5:45  Refinery  
  35  5:46  Banshee  
  35  5:48  Cloaking Field  
  35  5:49  SCV  
  43  5:51  SCV  
  43  5:55  SCV  
  44  6:22  Siege Tank  
  47  6:26  Marine x2  
  47  6:27  Marauder  
  51  6:44  Marine  
  52  6:48  Marauder  
  54  6:58  SCV x3  
  57  7:03  Terran Infantry Weapons Level 1  
  57  7:07  Armory  
  57  7:08  Engineering Bay  
  57  7:09  Siege Tank  
  57  7:10  SCV x2, Marauder  
  57  7:11  Barracks Tech Lab, Missile Turret  
  64  7:17  Banshee  
  64  7:20  Barracks Reactor  
  67  7:32  Marauder  
  67  7:41  Banshee  
  63  7:44  Stimpack  
  63  7:45  Marauder  
  65  7:53  Marauder  
  65  7:56  Siege Tank  
  65  7:57  SCV x2  
  73  8:00  Banshee  
  75  8:07  Marauder  
  77  8:14  Terran Infantry Armor Level 1  
  77  8:15  Terran Vehicle Weapons Level 1  
  77  8:17  Supply Depot x3  
  77  8:19  Supply Depot  
  77  8:38  SCV, Marauder, Marine, Siege Tank  
  84  8:52  Marine  
  84  8:53  Marine  
  86  8:56  Marauder  
  86  9:00  Marauder  
  90  9:10  SCV x2, Marine x2  
  90  9:14  Planetary Fortress  
  94  9:18  Marauder  
  94  9:21  Marine  
  94  9:22  SCV  
  94  9:23  SCV  
  99  9:34  SCV  
  99  9:35  SCV  
  99  9:36  Siege Tank  
  99  9:37  Marine x2  
  106  9:39  Marauder  
  106  9:45  Barracks  
  108  9:46  Barracks x3  
  108  9:47  SCV  
  109  9:59  Marauder, Marine  
  109  10:00  SCV x2  
  109  10:06  Sensor Tower  
  108  10:08  SCV  
  108  10:10  Missile Turret  
  108  10:12  Terran Infantry Armor Level 2, Terran Infantry Weapons Level 2  
  108  10:14  Terran Vehicle Weapons Level 2  
  109  10:16  Supply Depot  
  109  10:17  Supply Depot  
  109  10:18  Neosteel Armor  
  109  10:36  Supply Depot  
  109  10:37  Marine x2, Supply Depot x2  
  109  10:38  SCV x3, Marauder x2  
  109  10:39  Supply Depot  
  115  10:43  Supply Depot x2  
  113  10:54  Combat Shield  
  113  10:55  Marine x2  
  115  10:58  Concussive Shells  
  115  10:59  Marauder x2  
  119  11:07  Supply Depot  
  113  11:21  Marauder  
  112  11:30  Medivac x2  
  89  11:43  Marauder x2, Marine  
  89  11:44  Marine x5  
  75  12:00  Medivac x2  
  76  12:01  Marine  
  76  12:02  Marine x5  
  76  12:04  Marauder  
  76  12:05  Marauder  
  86  12:10  Refinery  
  86  12:11  Refinery, SCV x3  
  89  12:19  Marine x4  
  89  12:20  Command Center  
  89  12:21  Barracks Tech Lab  
  89  12:22  Barracks Reactor  
  93  12:23  SCV x3  
  93  12:24  Hi-Sec Auto Tracking  
  93  12:25  Marauder  
  93  12:26  Marauder  
  100  12:30  Terran Vehicle And Ship Armor Level 1, Medivac  
  100  12:31  Siege Tank  
  100  12:35  Viking  
  107  12:37  Marine x3  
  112  12:44  Marauder, Marine  
  112  12:47  Marauder x2  
  117  12:54  Marine  
  117  12:55  Marine x2  
  120  13:02  Marine  
  120  13:05  Marauder  
  123  13:08  Marauder  
  123  13:09  Marauder  
  124  13:21  Marine  
  124  13:23  Barracks Tech Lab x2, Marine x3  
  124  13:27  Marauder  
  130  13:30  Marauder x2  
  134  13:34  Medivac  
  134  13:35  Medivac  
  134  13:39  Marine  
  134  13:40  Marine  
  134  13:41  Marine x2  
  142  13:56  Planetary Fortress  
  142  13:58  SCV x3  
  145  14:04  Medivac  
  145  14:05  Medivac  
  149  14:10  SCV x3  
  152  14:22  SCV x2  
  152  14:23  Missile Turret  
Show
View Real Time Build Order
Export as new Build Order

qqq Zerg - Winner!

Build Orders: Hatch First 

Get SALT Encoding   

  12  0:00  Drone  
  13  0:09  Drone  
  14  0:20  Overlord  
  14  0:44  Hatchery  
  14  0:48  Drone  
  14  0:51  Drone  
  14  0:56  Drone  
  16  1:02  Drone  
  17  1:13  Drone  
  18  1:34  Extractor, Spawning Pool  
  18  1:35  Drone x2  
  18  1:46  Drone  
  19  2:03  Drone  
  19  2:05  Drone  
  19  2:06  Drone  
  22  2:10  Drone  
  22  2:14  Overlord  
  23  2:18  Drone  
  23  2:21  Queen  
  25  2:33  Drone  
  27  2:37  Zergling x2  
  27  2:39  Metabolic Boost  
  27  2:41  Drone  
  27  2:44  Zergling x2  
  29  2:48  Zergling x2  
  29  2:50  Hatchery  
  29  2:54  Evolution Chamber  
  29  2:55  Zergling x2  
  29  3:00  Queen  
  29  3:04  Drone  
  32  3:06  Zergling x2  
  33  3:21  Zerg Melee Weapons Level 1, Zergling x4  
  33  3:23  Drone  
  36  3:37  Overlord x3  
  36  3:41  Extractor  
  36  3:44  Zergling x2  
  36  3:48  Overlord  
  36  3:58  Lair  
  36  3:59  Zergling x2  
  36  4:00  Drone, Zergling x2  
  36  4:01  Zergling x2  
  40  4:05  Zergling x2  
  40  4:06  Drone  
  40  4:23  Zergling x4  
  40  4:24  Zergling x4  
  43  4:25  Zergling x6  
  42  4:41  Zergling x2  
  42  4:42  Zergling x6  
  46  4:46  Drone  
  46  4:48  Drone  
  46  4:51  Zergling x2  
  49  4:53  Drone  
  49  4:57  Zergling x2  
  49  4:58  Zergling x2  
  49  5:07  Zergling x2  
  49  5:08  Zergling x4  
  49  5:09  Zergling x2  
  53  5:15  Zerg Ground Armor Level 1  
  53  5:17  Zergling x2  
  53  5:18  Zergling x4  
  53  5:19  Drone, Zergling x2  
  57  5:26  Zergling x2  
  57  5:27  Drone x2  
  56  5:30  Drone  
  56  5:32  Drone  
  58  5:38  Infestation Pit  
  58  5:41  Drone  
  58  5:43  Drone  
  58  5:44  Evolution Chamber  
  58  5:45  Zergling x2  
  58  5:47  Drone  
  60  5:59  Spore Crawler x2  
  60  6:01  Spore Crawler  
  57  6:08  Zergling x4  
  57  6:09  Drone x2, Zergling x2  
  57  6:10  Drone  
  63  6:12  Drone  
  64  6:19  Drone x2  
  66  6:32  Zergling x4  
  58  6:33  Zergling x2  
  58  6:34  Drone, Zergling x6  
  62  6:54  Zergling x2, Overlord  
  62  6:56  Zerg Melee Weapons Level 2, Hive  
  63  7:03  Hydralisk Den  
  63  7:05  Overlord  
  63  7:06  Drone x2  
  63  7:07  Drone x2  
  66  7:14  Drone  
  67  7:19  Spore Crawler  
  67  7:22  Spore Crawler  
  65  7:25  Drone  
  65  7:26  Drone x4  
  70  7:33  Drone  
  70  7:34  Drone, Zergling x2  
  73  7:43  Drone  
  73  7:44  Drone  
  75  7:47  Extractor, Drone  
  75  7:48  Hatchery  
  75  7:49  Extractor  
  73  7:51  Hatchery  
  73  7:52  Zerg Ground Armor Level 2  
  71  8:12  Drone x4  
  75  8:23  Spore Crawler  
  75  8:24  Spore Crawler  
  74  8:27  Drone x3  
  74  8:31  Drone x3, Spore Crawler  
  78  8:36  Extractor  
  78  8:37  Extractor  
  78  8:41  Ultralisk Cavern, Hydralisk, Muscular Augments  
  75  8:42  Hydralisk x2  
  75  8:48  Overlord x2  
  62  9:10  Hydralisk x2  
  62  9:11  Hydralisk x2  
  62  9:13  Drone x6  
  62  9:16  Zerg Melee Weapons Level 3  
  76  9:27  Spore Crawler  
  76  9:28  Drone  
  76  9:31  Drone x2  
  76  9:32  Drone x3  
  76  9:33  Ultralisk  
  76  9:37  Spore Crawler  
  86  9:41  Anabolic Synthesis  
  86  9:43  Zergling x6  
  86  9:44  Drone x4  
  93  9:46  Extractor  
  93  9:49  Ultralisk  
  93  9:52  Grooved Spines  
  98  9:54  Drone x3  
  98  9:57  Overlord  
  101  10:09  Drone  
  101  10:10  Extractor  
  101  10:11  Extractor  
  101  10:12  Ultralisk  
  108  10:15  Drone x2  
  108  10:16  Drone x2  
  112  10:24  Ultralisk, Chitinous Plating  
  118  10:30  Overlord x3  
  109  10:48  Ultralisk x2  
  109  10:49  Zergling x4  
  123  11:01  Drone  
  123  11:02  Drone x2  
  123  11:03  Drone x5  
  131  11:06  Ultralisk  
  120  11:24  Ultralisk x2  
  120  11:25  Zergling x8  
  129  11:26  Drone x2  
  119  11:35  Hydralisk, Ultralisk  
  119  11:36  Drone  
  124  11:43  Ultralisk  
  124  11:44  Zergling x4  
  130  11:57  Hydralisk x4  
  130  11:58  Drone  
  135  12:12  Overlord x3  
  135  12:13  Overlord x2  
  135  12:14  Drone  
  136  12:16  Extractor  
  136  12:18  Spore Crawler  
  136  12:19  Spine Crawler  
  136  12:20  Spine Crawler  
  119  12:31  Zerg Missile Weapons Level 1  
  119  12:34  Ultralisk x2  
  120  12:41  Hatchery  
  117  12:48  Spire  
  117  12:50  Zergling x6, Overlord  
  120  12:51  Zergling x2  
  113  13:30  Ultralisk x3  
  113  13:31  Zergling x8  
  113  13:32  Zergling x4  
  110  13:41  Hatchery  
  110  13:47  Hatchery  
  110  13:48  Zergling x4, Ultralisk  
  110  14:00  Drone, Hydralisk x2  
  110  14:01  Hydralisk  
  117  14:03  Hydralisk x3  
  117  14:22  Hydralisk  
Show
View Real Time Build Order
Export as new Build Order

Human Terran 

Build Orders:  

Get SALT Encoding   

  12  0:00  SCV  
  13  0:12  SCV  
  14  0:17  Supply Depot  
  14  0:24  SCV  
  15  0:39  SCV  
  15  0:41  Barracks  
  16  0:44  Refinery  
  16  0:51  SCV  
  17  1:03  SCV  
  18  1:15  SCV  
  19  1:28  Barracks Reactor  
  19  1:31  Orbital Command  
  19  1:45  Command Center  
  19  1:57  SCV  
  20  2:09  Barracks  
  20  2:11  Factory  
  20  2:14  Marine  
  20  2:15  Marine  
  22  2:20  SCV  
  23  2:24  Supply Depot  
  23  2:31  Refinery  
  23  2:45  SCV, Marine x2  
  23  2:50  Supply Depot  
  26  2:57  Barracks Tech Lab  
  26  2:58  SCV  
  27  3:05  Orbital Command  
  27  3:10  SCV  
  28  3:13  Marine x2  
  29  3:20  Stimpack  
  30  3:22  SCV, Marine  
  26  3:35  Marine  
  26  3:36  Marine  
  26  3:40  Marine  
  25  3:43  SCV x2  
  27  3:55  SCV x2  
  29  4:07  SCV x2  
  29  4:09  Starport  
  31  4:10  Marine x3  
  31  4:13  Factory Reactor  
  34  4:19  SCV x2  
  36  4:33  SCV x2  
  36  4:37  Marine x3  
  41  4:45  SCV x2  
  43  4:54  Marine  
  43  4:55  Marine x2, Medivac x2  
  43  4:57  SCV x2  
  52  5:07  Barracks  
  52  5:09  SCV x2  
  54  5:34  Supply Depot  
  54  5:38  Supply Depot  
  54  5:39  Bunker  
  54  5:42  Factory Tech Lab, Supply Depot  
  54  5:44  Supply Depot  
  54  5:55  SCV x2, Marine x3  
  54  5:56  Barracks Reactor, Command Center  
  59  6:03  Medivac x2  
  63  6:08  SCV x2  
  63  6:09  Engineering Bay  
  65  6:13  Engineering Bay, Marine x3  
  68  6:20  SCV x2  
  68  6:21  Supply Depot  
  70  6:31  Marine x2  
  70  6:32  SCV  
  63  6:45  Marine x2  
  63  6:54  Refinery  
  63  6:56  Refinery  
  63  7:08  Marine x3  
  63  7:09  Marauder, Marine  
  63  7:10  Siege Tank  
  63  7:11  Medivac  
  73  7:31  Marauder  
  69  7:51  Missile Turret  
  69  7:52  Missile Turret  
  69  7:53  Terran Infantry Armor Level 1, Terran Infantry Weapons Level 1, Missile Turret  
  69  7:54  Marine x5  
  74  8:00  Command Center  
  76  8:06  Siege Tank  
  76  8:11  Marine  
  76  8:12  Marine  
  79  8:15  Missile Turret  
  79  8:18  SCV x2  
  81  8:22  Marine  
  81  8:23  Marauder, Marine  
  85  8:29  Marine  
  85  8:30  SCV  
  85  8:32  SCV  
  88  8:35  Marine  
  88  8:40  Medivac  
  91  8:42  SCV  
  91  8:44  Marauder  
  91  8:45  SCV  
  95  8:49  Armory  
  95  8:54  SCV  
  96  8:56  Marine x3  
  96  8:57  SCV, Marine  
  100  9:06  SCV, Marauder  
  100  9:09  SCV  
  95  9:14  Marine  
  94  9:20  Marine x3  
  95  9:26  Marine  
  95  9:29  Siege Tank  
  98  9:32  Marine  
  98  9:33  Missile Turret  
  99  9:40  SCV  
  99  9:42  Marine  
  100  10:05  Marauder, Marine x3  
  105  10:09  Orbital Command  
  105  10:13  SCV x2  
  105  10:14  Marine  
  108  10:22  Medivac  
  108  10:24  Terran Infantry Armor Level 2  
  108  10:25  SCV x2  
  112  10:29  Combat Shield  
  112  10:37  SCV x2  
  114  10:44  Marauder, Marine  
  114  10:49  SCV  
  118  10:51  Ghost Academy  
  118  11:06  Marauder  
  64  11:37  Marine  
  64  11:38  Marauder, Marine x3  
  64  11:39  Siege Tank  
  64  11:52  Terran Infantry Weapons Level 2  
  64  11:54  Concussive Shells  
  64  11:55  Marine  
  64  12:00  SCV x2, Marauder  
  66  12:02  Planetary Fortress  
  66  12:05  SCV  
  67  12:12  SCV x2  
  68  12:17  SCV  
  68  12:21  Marauder  
  64  12:24  SCV x2, Marine  
  64  12:25  Marine  
  68  12:30  SCV  
  68  12:36  SCV  
  69  12:38  SCV x2  
  69  12:42  SCV, Marauder  
  74  12:48  SCV  
  74  12:50  SCV x2  
  77  12:51  Marine x2  
  77  12:52  Marine x2  
  77  12:54  SCV  
  82  13:00  SCV  
  82  13:01  Siege Tank  
  82  13:02  SCV  
  82  13:03  SCV  
  82  13:04  Marauder  
  90  13:09  Marine x3  
  90  13:10  Marine  
  93  13:25  Marauder  
  80  13:27  Barracks, Marine x4  
  80  13:28  Barracks x2  
  71  13:45  Marine x4  
  71  13:47  SCV, Marauder  
  71  13:48  SCV x2  
  78  13:59  SCV  
  78  14:00  SCV x2  
  79  14:03  Marine x2  
  79  14:08  Marauder  
  82  14:11  SCV  
  82  14:12  SCV x2  
  75  14:19  Marine x2  
  75  14:20  Marine  
  75  14:21  Marine  
  75  14:24  SCV x3  
  83  14:36  SCV x3  
Show
View Real Time Build Order
Export as new Build Order

GregorSamsa Terran 

Build Orders:  

Get SALT Encoding   

  12  0:00  SCV  
  13  0:12  SCV  
  14  0:18  Supply Depot  
  14  0:24  SCV  
  15  0:40  SCV  
  16  0:47  Barracks  
  16  0:50  Refinery  
  16  0:52  SCV  
  17  1:04  SCV  
  18  1:16  SCV  
  19  1:28  SCV  
  20  1:44  Reaper  
  21  1:48  Orbital Command  
  21  1:51  Command Center  
  21  2:14  SCV, Factory  
  21  2:15  Refinery  
  22  2:20  Barracks Tech Lab  
  22  2:26  SCV  
  22  2:29  Supply Depot  
  23  2:34  Barracks  
  23  2:48  Stimpack  
  23  2:50  Marine  
  23  2:51  SCV  
  25  2:52  Supply Depot  
  25  2:57  Factory Tech Lab  
  25  3:03  SCV  
  26  3:06  Orbital Command  
  26  3:11  Marine  
  27  3:15  SCV  
  28  3:25  Marine  
  28  3:26  Siege Tank  
  32  3:27  SCV  
  32  3:30  Marine  
  34  3:39  Supply Depot  
  34  3:43  Marine  
  35  3:49  Marine  
  36  3:57  SCV x2  
  36  4:01  Marine  
  39  4:03  Siege Tank  
  39  4:09  SCV  
  35  4:24  Marine x2  
  35  4:33  SCV x2  
  37  4:39  Siege Tank  
  37  4:42  Marine  
  37  4:45  SCV, Marine  
  42  4:46  SCV  
  44  4:54  Barracks, Bunker  
  44  4:56  Starport  
  44  4:57  Refinery  
  44  4:58  SCV x2  
  43  5:07  Marine, Combat Shield  
  43  5:08  Marine  
  43  5:10  SCV x2  
  41  5:22  SCV, Hellion  
  41  5:24  SCV  
  46  5:30  Barracks Reactor  
  46  5:34  SCV, Supply Depot  
  46  5:35  Medivac  
  48  5:40  Marine  
  48  5:41  SCV  
  50  5:45  Barracks Reactor  
  50  5:47  Siege Tank  
  53  5:54  SCV x2  
  53  6:00  Marine  
  51  6:06  SCV x2  
  48  6:14  Marine x2  
  48  6:18  SCV x2, Medivac  
  53  6:22  Command Center  
  53  6:24  Marine x3  
  57  6:30  SCV x2, Siege Tank, Supply Depot  
  57  6:32  Marine  
  63  6:39  Marine  
  64  6:42  SCV x2  
  64  6:46  Marine x3  
  69  6:49  Marine  
  70  6:55  Starport Reactor  
  70  6:56  Marine  
  70  6:57  SCV  
  70  6:58  SCV, Supply Depot  
  70  7:01  Engineering Bay  
  73  7:03  Armory, Marine  
  74  7:08  Marine x3  
  74  7:09  SCV  
  78  7:17  Refinery  
  78  7:19  SCV, Siege Tank  
  78  7:21  SCV  
  83  7:32  Missile Turret  
  83  7:35  Marine, Missile Turret  
  83  7:36  Marine x2  
  86  7:38  Marauder  
  88  7:45  Starport  
  88  7:46  Terran Infantry Weapons Level 1  
  88  7:50  Engineering Bay  
  88  7:54  Terran Vehicle And Ship Armor Level 1  
  88  7:55  Marine x4  
  88  7:57  Siege Tank  
  95  7:59  Marine  
  96  8:07  Medivac  
  98  8:24  Starport Tech Lab  
  98  8:27  Concussive Shells  
  98  8:28  Marine x3  
  98  8:30  Barracks  
  101  8:34  Orbital Command  
  101  8:41  Command Center  
  101  8:48  Terran Infantry Armor Level 1  
  101  8:57  Supply Depot  
  101  8:58  Supply Depot x3  
  101  9:19  SCV, Marine x4, Medivac, Siege Tank  
  101  9:20  SCV, Marauder  
  114  9:31  SCV  
  114  9:32  Marine  
  114  9:34  Raven  
  114  9:36  Marine x2  
  114  9:37  Marine x2  
  121  9:41  Marine  
  121  9:42  Supply Depot  
  123  9:54  Marine x2, Medivac, Viking  
  123  9:55  Marine  
  130  10:03  Marine x2  
  130  10:05  Barracks Reactor  
  130  10:06  Terran Infantry Weapons Level 2  
  131  10:15  Marine x3  
  131  10:16  Siege Tank  
  131  10:21  Marine  
  138  10:22  Marine  
  138  10:24  Raven  
  138  10:27  Supply Depot  
  141  10:32  Marine  
  141  10:33  Marine  
  143  10:48  Marine x4  
  143  10:49  Liberator x2  
  134  11:07  Marine x3  
  137  11:16  Marine x2  
  137  11:17  Marine x2  
  141  11:35  Marauder  
  141  11:39  Marine x2  
  143  11:41  Marine x2  
  143  11:45  Marine x2  
  143  11:46  Viking  
  143  11:47  Liberator, Viking  
  141  11:56  Marine  
  141  11:57  Marine  
  129  12:04  Marine x5  
  129  12:05  Siege Tank  
  128  12:14  Marine  
  128  12:15  Marine  
  129  12:16  Liberator x2  
  129  12:21  Marine  
  129  12:22  Marine x4  
  132  12:32  Marauder  
  132  12:33  Marine  
  135  12:38  Viking  
  135  12:39  Marine x2  
  135  12:40  Marine x3  
  142  12:50  Marine  
  141  12:51  Supply Depot  
  141  12:53  Marauder  
  141  12:54  SCV x3  
  141  12:56  Refinery  
  141  12:57  Marine x3  
  143  12:59  Command Center, Viking  
  143  13:02  Command Center  
  127  13:06  SCV x3  
  127  13:15  Marauder  
  127  13:17  Marine x6  
  127  13:18  SCV, Liberator, Siege Tank  
  108  13:34  Marine  
  108  13:35  Marine x5  
  108  13:36  Marine  
  108  13:40  Liberator  
  111  13:49  SCV x3  
  111  13:52  Marine x3  
  111  13:53  Marine x4  
  121  13:57  Supply Depot  
  121  14:01  SCV x2  
  123  14:10  Marine x4  
  123  14:11  Marine x2  
  127  14:19  Marine  
  122  14:28  Marine x5  
  122  14:29  Marine  
Tags
 
Add a new tag
Caveats
  • Supply blocks, unpowered buildings, or Contaminate may cause inaccurate times.
  • Supply counts are checked every 10 seconds.